 Dungeon Sprint DCSS version 0.27.1-33-g824d729ab1 (webtiles) character file.

Game seed: 2443625416397289863

2322 Adenis the Imperceptible (level 9, -5/62 HPs)
             Began as a Vampire Brigand on Dec 4, 2021.
             Was a Believer of Dithmenos.
             Shot with an arrow by a centaur warrior (9 damage)
             ... in the Dungeon (Sprint I: "Red Sonja").
             The game lasted 00:05:13 (454 turns).

Adenis the Imperceptible (Vampire Brigand)           Turns: 454, Time: 00:05:14

Health: -5/62      AC:  4    Str: 10    XL:     9   Next: 19%
Magic:  12/12      EV: 13    Int: 13    God:    Dithmenos [**....]
Gold:   215        SH:  0    Dex: 19    Spells: 12/12 levels left

rFire    . . .     SeeInvis +   j - +6 rapier (venom)
rCold    . . .     Faith    .   (no shield)
rNeg     . . .     Spirit   .   b - +1 robe
rPois    .         Reflect  .   (no helmet)
rElec    .         Harm     .   c - +0 cloak
rCorr    .         Rampage  .   (no gloves)
Will     .....     NoTele   +   (no boots)
Stlth    ++++++....             (no amulet)
HPRegen  0.40/turn              (no ring)
MPRegen  0.13/turn              (no ring)

@: healing quickly, wreathed by umbra, very slow
A: alive, fangs 3, see invisible, vampiric 2
a: Exsanguinate, Renounce Religion, Shadow Step


You were in the Dungeon.
You worshipped Dithmenos.
Dithmenos was pleased with you.
You visited 1 branch You collected 583 gold pieces.
You spent 368 gold pieces at shops.

Inventory:

Hand Weapons
 j - a +6 rapier of venom (weapon)
Missiles
 d - 8 poisoned darts (quivered)
 e - 6 curare-tipped darts
Armour
 b - a +1 robe (worn)
 c - a +0 cloak (worn)
Potions
 f - a potion of curing
 g - a potion of heal wounds
 h - a potion of lignification {unknown}
 i - 2 potions of magic


   Skills:
 * Level 2.8 Fighting
 - Level 2.1(2.9) Short Blades
 * Level 2.5(2.9) Long Blades
 - Level 1.5 Throwing
 * Level 3.0 Dodging
 * Level 26.7 Stealth
 * Level 2.2 Spellcasting


You had 12 spell levels left.
You didn't know any spells.
Your spell library was empty.

Dungeon Overview and Level Annotations

Branches:
Dungeon (1/1)

Altars:
Cheibriados
Dithmenos
Elyvilon
Fedhas
Gozag
Hepliaklqana
Kikubaaqudgha
Makhleb
Nemelex Xobeh
Okawaru
Qazlal
Ru
Sif Muna
Trog
Uskayaw
Vehumet
Wu Jian
Xom
Yredelemnul
Zin
The Shining One
Jiyva
Lugonu

Shops:
D ([


Innate Abilities, Weirdness & Mutations

Your natural rate of healing is accelerated.
You have razor-sharp teeth.
You have supernaturally acute eyesight. (SInv)
You are afflicted with vampirism and can become a bat while bloodless.


Message History

You enter the shallow water.
Moving in this stuff is going to be slow.
Found 8 boomerangs.
The centaur warrior shouts! x2
The centaur warrior hits you but does no damage.
The centaur warrior kicks you. The centaur warrior hits you.
The centaur warrior kicks you. The centaur warrior hits you!
The centaur warrior kicks you but does no damage.
The centaur warrior hits you but does no damage.
The centaur warrior kicks you but does no damage.
You puncture the centaur warrior!
The centaur warrior is poisoned.
You bite the centaur warrior, but do no damage.
The centaur warrior is lightly wounded.
The centaur warrior completely misses you.
The centaur warrior kicks you. The centaur warrior hits you.
The centaur warrior misses you. The centaur warrior hits you.
The centaur warrior kicks you.
You barely miss the centaur warrior.
The centaur warrior closely misses you. x2
The centaur warrior hits you. The centaur warrior kicks you.
The centaur warrior hits you.
* * * LOW HITPOINT WARNING * * *
The centaur warrior closely misses you.
You closely miss the centaur warrior. The centaur warrior barely misses you.
The centaur warrior kicks you.
* * * LOW HITPOINT WARNING * * *
The centaur warrior hits you!
* * * LOW HITPOINT WARNING * * *
The centaur warrior misses you.
The centaur warrior hits you but does no damage.
The centaur warrior barely misses you. The centaur warrior hits you.
* * * LOW HITPOINT WARNING * * *
The centaur warrior barely misses you.
You don't have enough health at the moment.
Okay, then.
You don't know any spells.
You enter the shallow water.
Moving in this stuff is going to be slow.
The centaur warrior wields a +0 longbow.
The centaur warrior shoots an arrow.
The arrow hits you!
You die...

########################
.#.)'..#.)'..#__#.s'..)#
.'..#.)'..#..+..+..#)s.##+#
.#####+#####+#__####..s's.#
.#### #...#.####§§#####s.+
.#__####..##§#≈§§§c# +##
.#_____##'#_§§≈§@§§+
⌠#_.∩..÷'..._#≈§§§c#
##_..__##_.#+##+####
#_____###'# ###
#########.####+###)##
......+...'.....'.∩#
+++####.).########## ##.##
#+#


You could see 2 centaur warriors.

Vanquished Creatures
  Sonja (D)
  A deep troll (D)
  2 kobold demonologists (D)
  A slime creature (D)
  A yak (D)
  Sigmund (D)
  A floating eye (D)
  An ogre (D)
  A jelly (D)
  Ijyb (D)
11 creatures vanquished.

Vanquished Creatures (others)
  A gargoyle (D)
1 creature vanquished.

Grand Total: 12 creatures vanquished

Notes
Turn   | Place    | Note
-------+----------+-------------------------------------------
     0 | D        | Adenis the Vampire Brigand began the quest for the Orb.
     0 | D        | Reached XP level 1. HP: 16/16 MP: 1/1
     2 | D        | Noticed Ijyb
     6 | D        | Killed Ijyb
     7 | D        | Reached skill level 10 in Stealth
     7 | D        | Reached XP level 2. HP: 22/22 MP: 2/2
     8 | D        | Noticed an ogre
    12 | D        | Killed an ogre
    13 | D        | Reached skill level 14 in Stealth
    13 | D        | Gained mutation: You are afflicted with vampirism and can
                  | become a bat while bloodless. [Vampire growth]
    13 | D        | Reached XP level 3. HP: 27/27 MP: 3/3
    13 | D        | Reached XP level 4. HP: 33/33 MP: 4/4
    14 | D        | Noticed Sigmund
    32 | D        | Killed Sigmund
    33 | D        | Reached skill level 18 in Stealth
    33 | D        | Reached XP level 5. HP: 31/38 MP: 5/5
    50 | D        | Found an ornate altar of the Wu Jian Council.
    50 | D        | Found a shimmering blue altar of Sif Muna.
    52 | D        | Found a radiant altar of Vehumet.
    57 | D        | Reached XP level 6. HP: 32/44 MP: 6/6
    59 | D        | Found Moapn's Weapon Emporium.
    59 | D        | Found an ancient bone altar of Kikubaaqudgha.
    59 | D        | Found a hazy altar of Hepliaklqana.
    59 | D        | Found a stormy altar of Qazlal.
    59 | D        | Found a hide-covered altar of Uskayaw.
    59 | D        | Found a blossoming altar of Fedhas.
    59 | D        | Found a bloodstained altar of Trog.
    59 | D        | Found an iron altar of Okawaru.
    59 | D        | Found a basalt altar of Yredelemnul.
    59 | D        | Found a snail-covered altar of Cheibriados.
    59 | D        | Found a sacrificial altar of Ru.
    59 | D        | Found a shadowy altar of Dithmenos.
    59 | D        | Noticed a yak
    60 | D        | Found an opulent altar of Gozag.
    61 | D        | Killed a yak
    62 | D        | Reached skill level 20 in Stealth
    62 | D        | Found a sparkling altar of Nemelex Xobeh.
    69 | D        | Became a worshipper of Dithmenos the Shadowed
   109 | D        | Noticed Sonja
   113 | D        | Killed Sonja
   114 | D        | Reached skill level 23 in Stealth
   114 | D        | Reached XP level 7. HP: 49/49 MP: 7/7
   114 | D        | Reached XP level 8. HP: 55/55 MP: 8/8
   148 | D        | Noticed a deep troll
   152 | D        | Killed a deep troll
   153 | D        | Reached skill level 25 in Stealth
   177 | D        | Bought a +6 rapier of venom for 368 gold pieces
   200 | D        | Found Noasysim's Armour Emporium.
   228 | D        | Found a burning altar of Makhleb.
   228 | D        | Found a viscous altar of Jiyva.
   228 | D        | Found a shimmering altar of Xom.
   228 | D        | Found a corrupted altar of Lugonu.
   228 | D        | Noticed a slime creature
   231 | D        | Killed a slime creature
   231 | D        | Reached * piety under Dithmenos
   232 | D        | Reached skill level 1 in Long Blades
   244 | D        | Noticed a kobold demonologist
   245 | D        | Noticed a kobold demonologist
   248 | D        | Killed a kobold demonologist
   249 | D        | Reached skill level 26 in Stealth
   249 | D        | Reached skill level 1 in Spellcasting
   249 | D        | Reached XP level 9. HP: 62/62 MP: 9/11
   256 | D        | Killed a kobold demonologist
   256 | D        | Paralysed by a floating eye for 4 turns
   262 | D        | Reached ** piety under Dithmenos
   327 | D        | Noticed a demonic crawler
   327 | D        | Noticed a demonic crawler
   327 | D        | Noticed a demonic crawler
   327 | D        | Noticed a demonic crawler
   445 | D        | Noticed a centaur warrior
   445 | D        | Noticed a centaur warrior
   452 | D        | Killed a gargoyle
   454 | D        | Shot with an arrow by a centaur warrior

Illustrated notes

Levels and vault maps discovered:
D:        dungeon_sprint_1 [red_sonja_temple_1, red_sonja_temple_small_1]

Skill      XL: |  1  2  3  4  5  6  7  8  9 |
---------------+----------------------------+-----
Stealth        | 10 14 18 23 26 | 26.7
Fighting       | 2 |  2.8
Long Blades    | 1 2 |  2.5
Dodging        | 2 3 |  3.0
Spellcasting   | 1 2 |  2.2
Short Blades   | |  2.1
Throwing       | |  1.5

Action                   |  1- 3 |  4- 6 |  7- 9 || total
-------------------------+-------+-------+-------++-------
Melee: Dagger            |     2 |    11 |     1 ||    14
       Rapier            |       |       |    18 ||    18
       Bite              |       |       |     2 ||     2
  Use: Potion            |       |     2 |       ||     2
       Scroll            |       |       |     2 ||     2
 Stab: Sleeping          |     2 |     3 |     3 ||     8
Armor: Robe              |       |       |    14 ||    14
Dodge: Dodged            |       |     2 |    41 ||    43
